 Dungeon Crawl Stone Soup version 0.31.0-12-g77e489cdc1 (webtiles) character file.

Game seed: 18427449673586296360

3702 snetch the Covered (level 9, -4/73 (79) HPs)
             Began as a Minotaur Berserker on Jan 30, 2024.
             Was an Elder of Trog.
             Slain by a wight
             ... wielding a +4 scimitar
              (12 damage)
             ... on level 8 of the Dungeon on Feb 19, 2024.
             The game lasted 00:21:56 (6437 turns).

snetch the Covered (Minotaur Berserker)             Turns: 6437, Time: 00:21:56

HP:   -4/73 (79)    AC: 14    Str: 26    XL:     9   Next: 91%
MP:   8/8           EV: 10    Int:  4    God:    Trog [****..]
Gold: 573           SH: 10    Dex: 10    Spells: 8/8 levels left

rFire   . . .        b - +0 spear (freeze)
rCold   + . .        A - +0 buckler
rNeg    . . .        J - +0 chain mail
rPois   .            (helmet restricted)
rElec   .            o - +0 cloak
rCorr   +            p - +0 pair of gloves
SInv    .            j - +0 pair of boots
Will    ++...        l - amulet of reflection Stlth
                     d - ring of resist corrosion
HPRegen 1.32/turn    L - ring of protection from cold
MPRegen 0.11/turn

%: reflection
@: mighty, strong-willed, on berserk cooldown, regenerating, slowed, drained,
very slow
A: horns 2, retaliatory headbutt
a: Renounce Religion, Berserk, Trog's Hand, Brothers in Arms


You were on level 8 of the Dungeon.
You worshipped Trog.
Trog was greatly pleased with you.
You visited 2 branches of the dungeon, and saw 9 of its levels.
You also visited: Ossuary.

You collected 573 gold pieces.

Inventory:

Hand Weapons
 a - a +0 hand axe
 b - a +0 spear of freezing (weapon)
 n - a +3 quarterstaff of chaos
 N - the +3 dagger "Bamoch" {holy, *Corrode Int+4}
   (You took it off a hobgoblin on level 4 of the Dungeon)

   Int+4:     It affects your intelligence (+4).
   *Corrode:  It may corrode you when you take damage.
 Q - the +2 trident "Newt's Nightmare" {flame, rPois rF++ Will-}
   (You found it on level 6 of the Dungeon)

   rF++:      It greatly protects you from fire.
   rPois:     It protects you from poison Will-: It decreases your willpower.
 S - a +1 antimagic spear
Missiles
 f - 38 stones
 m - 2 boomerangs
 T - 15 poisoned darts (quivered)
 V - 5 atropa-tipped darts
Armour
 j - a +0 pair of boots (worn)
 o - a +0 cloak (worn)
 p - a +0 pair of gloves (worn)
 A - a +0 buckler (worn)
 J - a +0 chain mail (worn)
 M - a +3 leather armour
Jewellery
 d - a ring of resist corrosion (left hand)
 l - an amulet of reflection (around neck)
 L - a ring of protection from cold (right hand)
 P - a ring of protection from fire
Wands
 v - a wand of digging (2)
 K - a wand of light (13)
 R - a wand of flame (17)
Scrolls
 c - a scroll of revelation {unknown}
 e - 3 scrolls of enchant weapon {unknown}
 h - 4 scrolls of fog {unknown}
 k - 2 scrolls of poison {unknown}
 q - a scroll of noise
 r - a scroll of brand weapon
 s - a scroll of immolation
 u - 2 scrolls of amnesia {unknown}
 y - a scroll of identify
 z - a scroll of silence
 B - a scroll of enchant armour {unknown}
 F - 4 scrolls of teleportation {unknown}
 G - a scroll of summoning {unknown}
 I - 2 scrolls of fear {unknown}
 O - 2 scrolls of vulnerability {unknown}
Potions
 g - 6 potions of heal wounds {unknown}
 i - a potion of resistance
 t - a potion of curing
 w - a potion of lignification
 x - 2 potions of attraction {unknown}
 C - a potion of berserk rage
 D - 2 potions of invisibility {unknown}
 E - 2 potions of enlightenment {unknown}
 H - 3 potions of might
 U - a potion of brilliance {unknown}


   Skills:
 + Level 7.5 Fighting
 + Level 7.1(8.3) Axes
 + Level 6.5(9.0) Polearms
 + Level 6.0(7.4) Staves
 + Level 0.9 Throwing
 + Level 7.8 Armour
 + Level 5.3 Dodging
 + Level 1.1 Stealth
 + Level 5.7 Shields


You had 8 spell levels left.
You didn't know any spells.
Your spell library contained the following spells:

 Spells                   Type           Power      Damage    Failure   Level
 Apportation              Tloc           0%         N/A       96%         1
 Magic Dart               Conj           0%         1d3       96%         1
 Slow                     Hex            0%         N/A       96%         1
 Summon Small Mammal      Summ           0%         N/A       96%         1
 Blink                    Tloc           0%         N/A       99%         2
 Call Imp                 Summ           0%         N/A       99%         2
 Ensorcelled Hibernation  Hex/Ice        0%         N/A       99%         2
 Jinxbite                 Hex            0%         N/A       99%         2
 Call Canine Familiar     Summ           0%         N/A       100%        3
 Confusing Touch          Hex            0%         N/A       100%        3
 Dazzling Flash           Conj/Hex       0%         N/A       100%        3
 Frozen Ramparts          Ice            0%         1d1       100%        3
 Fugue of the Fallen      Necr           0%         N/A       100%        3
 Mephitic Cloud           Conj/Alch/Air  0%         N/A       100%        3
 Sigil of Binding         Hex            0%         N/A       100%        3
 Vampiric Draining        Necr           0%         2d6       100%        3
 Anguish                  Hex/Necr       0%         N/A       100%        4
 Leda's Liquefaction      Alch/Erth      0%         N/A       100%        4
 Petrify                  Alch/Erth      0%         N/A       100%        4
 Summon Blazeheart Golem  Fire/Summ      0%         N/A       100%        4
 Alistair's Intoxication  Alch           0%         N/A       100%        5
 Curse of Agony           Necr           0%         N/A       100%        5
 Metabolic Englaciation   Hex/Ice        0%         N/A       100%        5
 Silence                  Hex/Air        0%         N/A       100%        5


Dungeon Overview and Level Annotations

Branches:
Dungeon (8/15)             Temple (1/1) D:6         Ossuary (visited)
   Lair: D:8-11

Altars:
Ashenzari
Cheibriados
Dithmenos
Elyvilon
Gozag
Hepliaklqana
Makhleb
Nemelex Xobeh
Okawaru
Qazlal
Ru
Sif Muna
Trog
Uskayaw
Vehumet
Wu Jian
Xom
Yredelemnul
Zin
The Shining One


Innate Abilities, Weirdness & Mutations

You have a pair of horns on your head.
You reflexively headbutt those who attack you in melee.


Message History

You hit the wight but do no damage. You headbutt the wight.
The wight is moderately damaged.
You block the wight's attack.
You completely miss the wight. You headbutt the wight!
The wight is almost destroyed.
You hit the wight.
You headbutt the wight, but do no damage.
The wight is almost destroyed.
The wight barely misses you.
You closely miss the wight.
The wight is almost destroyed.
The wight barely misses you.
The wight hits you with a +0 great sword.
You feel drained. The wight hits you but does no damage.
You closely miss the wight. You block the wight's attack.
You hit the wight but do no damage. Your headbutt misses the wight.
The wight hits you but does no damage.
You hit the wight but do no damage. Your headbutt misses the wight.
You block the wight's attack.
You barely miss the wight. The wight hits you but does no damage.
You closely miss the wight. The wight hits you with a +4 scimitar!
You hit the wight.
The wight is moderately damaged.
The wight hits you with a +4 scimitar!
* * * LOW HITPOINT WARNING * * *
You feel drained.
* * * LOW HITPOINT WARNING * * *
You're still recovering from your berserk rage.
Okay, then.
It was a potion of might.
You feel very mighty all of a sudden. The wight hits you with a +4 scimitar!
* * * LOW HITPOINT WARNING * * *
You feel drained.
* * * LOW HITPOINT WARNING * * *
You hit the wight but do no damage.
The wight is moderately damaged.
The wight hits you with a +4 scimitar!
You die...

..
.......<#
#.
..#######
.z. #.# #.#
#.####
#...z#
#####..#z#
#......#@#
#.###.##.#
#.#.##.#
#.)).#..
#.#)....#
#.#.....#
#.#.......K
#.#####.###
#.. .#


You could see 2 wights.

Vanquished Creatures
  A two-headed ogre (D:8)
  Prince Ribbit (D:6)
  A steam dragon (D:7)
  Menkaure (Ossuary)
  A black bear (D:5)
  3 ice beasts
  2 ogres
  2 centaurs (D:5)
  3 phantoms
  2 kobold brigands
  2 gnoll sergeants
  2 bullfrogs
  5 scorpions
  3 centaur zombies (Ossuary)
  5 hounds
  2 jellies
  3 orc priests (D:4)
  Crazy Yiuf (D:2)
  A gnoll bouda (D:5)
  A sleepcap (D:5)
  3 iguanas
  2 ogre zombies (Ossuary)
  6 mummies (Ossuary)
  14 gnolls
  11 adders
  A shadow imp (D:7)
  3 white imps
  6 ufetubi
  2 adder zombies (Ossuary)
  A dart slug (D:5)
  2 ribbon worms
  13 orcs
  6 endoplasms
  7 giant cockroaches
  4 goblins
  12 hobgoblins
  2 jackals (D:2)
  4 quokkas
  9 ball pythons
  6 bats
  A frilled lizard (D:1)
  3 gnoll zombies
  2 goblin zombies (Ossuary)
  4 hobgoblin zombies (Ossuary)
  10 kobolds
  3 kobold zombies (Ossuary)
  An orc zombie (Ossuary)
  6 quokka zombies (Ossuary)
  3 rats
  5 rat zombies (Ossuary)
194 creatures vanquished.

Vanquished Creatures (others)
  An adder zombie (D:5)
1 creature vanquished.

Grand Total: 195 creatures vanquished

Notes
Turn   | Place    | Note
-------+----------+-------------------------------------------
     0 | D:1      | snetch the Minotaur Berserker began the quest for the Orb.
     0 | D:1      | Reached XP level 1. HP: 19/19 MP: 0/0
   146 | D:1      | Reached XP level 2. HP: 27/27 MP: 1/1
   198 | D:2      | Reached XP level 3. HP: 17/33 MP: 2/2
   738 | D:2      | Reached ** piety under Trog
   940 | D:3      | Reached XP level 4. HP: 29/41 MP: 3/3
  1341 | D:2      | Found a runed translucent door.
  1342 | D:2      | Noticed Crazy Yiuf
  1349 | D:2      | Killed Crazy Yiuf
  1350 | D:2      | Reached skill level 5 in Axes
  1533 | D:4      | Found a broken altar of Ashenzari.
  1801 | D:3      | Reached XP level 5. HP: 47/47 MP: 4/4
  1804 | D:3      | Found a faded altar of an unknown god.
  2218 | D:4      | Reached skill level 5 in Fighting
  2282 | D:5      | Entered Level 5 of the Dungeon
  2303 | D:5      | Reached skill level 1 in Staves
  2307 | D:5      | Reached XP level 6. HP: 54/56 MP: 5/5
  2337 | D:5      | Reached skill level 1 in Shields
  2355 | D:5      | Reached XP level 7. HP: 44/61 MP: 6/6
  2399 | D:5      | Reached skill level 5 in Staves
  2480 | D:5      | Found a sand-covered staircase.
  2513 | Ossuary  | Entered an ossuary
  2674 | Ossuary  | Reached *** piety under Trog
  2737 | Ossuary  | Reached XP level 8. HP: 61/70 MP: 7/7
  2808 | Ossuary  | Reached skill level 5 in Armour
  2881 | Ossuary  | Noticed Menkaure
  2901 | Ossuary  | Killed Menkaure
  3330 | D:5      | Reached **** piety under Trog
  3331 | D:5      | Reached skill level 1 in Polearms
  3774 | D:4      | Identified the +3 dagger "Bamoch" {holy, *Corrode Int+4}
  4776 | D:6      | Reached skill level 5 in Dodging
  4812 | D:6      | Identified the +2 trident "Newt's Nightmare" {flame, rPois
                  | rF++ Will-}
  5177 | D:6      | Found a staircase to the Ecumenical Temple.
  5185 | D:6      | Reached XP level 9. HP: 78/78 MP: 8/8
  5222 | D:6      | Reached skill level 1 in Stealth
  5248 | Temple   | Entered the Ecumenical Temple
  5479 | D:6      | Noticed Prince Ribbit
  5509 | D:6      | Killed Prince Ribbit
  5510 | D:6      | Reached skill level 5 in Polearms
  5688 | D:6      | Upgraded the game from 0.31.0-11-ge490571c62 to
                  | 0.31.0-12-g77e489cdc1
  6137 | D:7      | Reached skill level 5 in Shields
  6388 | D:8      | Noticed a two-headed ogre
  6401 | D:8      | Killed a two-headed ogre
  6437 | D:8      | Slain by a wight

Illustrated notes

Levels and vault maps discovered:
D:1:      minmay_arrival_arboretum_large, layout_rooms, minmay_pentomino_z4
D:2:      layout_loops_ring, roderic_lattice_a, chequers_hall_statues_wall_a,
          nicolae_the_louvre, uniq_crazy_yiuf_cottage
D:3:      layout_loops_ring, hellmonk_ecumenical_altar_lost_god
D:4:      layout_layer_cave, ashenzari_altar_1
D:5:      cheibrodos_fzero, layout_cave_pools, enter_ossuary_3,
          hangedman_glass_teeth
D:6:      layout_rooms, minmay_temple_entry_arrows, uniq_prince_ribbit1
D:7:      layout_loops_ring, serial_co_window_serial, co_window_paths_a,
          co_window_paths_b, co_window_of_opportunity_a, co_window_corner_a,
          co_window_corner_a, co_window_broadway_a, co_window_of_opportunity_b,
          co_window_corner_ca, co_window_corner_b, co_window_paths_e,
          co_window_4corner_b, minmay_tree_intersection
D:8:      layout_basic, gammafunk_ghost_stat_death,
          serial_library_hellmonk_room_b, uniq_jeremiah, uniq_grum
Temple:   compressed_dpeg_triangle_lava_temple

Skill      XL: |  1  2  3  4  5  6  7  8  9 |
---------------+----------------------------+-----
Fighting       | 4 5 6 7 |  7.5
Axes           | 4 5 7 |  7.1
Dodging        | 3 4 5 |  5.3
Armour         | 3 4 6 7 |  7.8
Staves         | 1 4 5 6 |  6.0
Shields        | 1 2 3 5 |  5.7
Polearms       | 3 6 |  6.5
Stealth        | 1 |  1.1
Throwing       | |  0.9

Action                     |  1- 3 |  4- 6 |  7- 9 || total
---------------------------+-------+-------+-------++-------
  Melee: Hand axe          |    63 |    25 |    97 ||   185
         Headbutt          |    12 |    12 |    77 ||   101
         Quarterstaff      |       |    80 |    40 ||   120
         Spear             |       |       |   248 ||   248
  Throw: Stone             |       |     4 |     6 ||    10
         Dart              |       |       |     1 ||     1
 Invoke: Berserk           |     1 |     2 |     5 ||     8
         Trog's Hand       |       |     1 |     4 ||     5
    Use: Scroll            |       |       |     9 ||     9
         Potion            |       |       |     1 ||     1
 Armour: Animal skin       |    36 |       |       ||    36
         Ring mail         |     7 |    77 |    90 ||   174
         Chain mail        |       |       |    99 ||    99
  Dodge: Dodged            |    41 |    58 |   132 ||   231
  Block: Other             |       |    20 |    12 ||    32
         Buckler           |       |       |   114 ||   114
         Reflection        |       |       |     5 ||     5
